TOP OF THE 1ST |
Tri-City ValleyCats batting - Pitching for Spokane Indians : RHP Roberto Reyes
|
Pitching: RHP Roberto Reyes
|
|
Batting: RHB Justin Olmstead
|
0-0: Called Strike 0-1: Called Strike 0-2: Strikes out swinging
|
Batting: SHB Chris Keziah
|
0-0: Ball 1-0: Ball 2-0: Called Strike 2-1: Ball 3-1: Foul Ball, location: 2F 3-2: Ground out 4-3 (Groundball, 4, EV 106.3 MPH)
|
Batting: SHB Salvador Gomez
|
0-0: Ball 1-0: Called Strike 1-1: Fly out, F6 (Line Drive, 6, EV 71.9 MPH)
|
Top of the 1st over - 0 runs, 0 hits, 0 errors, 0 left on base; Tri-City 0 - Spokane 0 |
BOTTOM OF THE 1ST |
Spokane Indians batting - Pitching for Tri-City ValleyCats : RHP Alex Salinas
|
Pitching: RHP Alex Salinas
|
|
Batting: RHB Rodolfo Contreras
|
0-0: Ball 1-0: Called Strike 1-1: Ball 2-1: Swinging Strike 2-2: Fly out, F7 (Flyball, 78S, EV 91.3 MPH)
|
Batting: RHB Jason Swisher
|
0-0: Swinging Strike 0-1: Foul Ball, location: 2F 0-2: Ball 1-2: Foul Ball, location: 2F 1-2: Ball 2-2: SINGLE (Line Drive, 8RS, EV 93.1 MPH)
|
Batting: RHB Dennis Daniels
|
0-0: Ball 1-0: Ball 2-0: Called Strike 2-1: Called Strike 2-2: 2-RUN HOME RUN (Flyball, 7D, EV 93.8 MPH), Distance : 373 ft
|
Batting: RHB Roberto Contreras
|
0-0: Ball 1-0: Swinging Strike 1-1: Ball 2-1: SINGLE (Groundball, 56, EV 106.3 MPH) (infield hit)
|
Batting: RHB Garrison Feltham
|
0-0: Ball 1-0: Swinging Strike 1-1: Called Strike Roberto Contreras steals 2nd base (no throw) 1-2: Ground out 6-3 (Groundball, 6, EV 85.6 MPH) Roberto Contreras to third
|
Batting: RHB Zi-jing Wang
|
0-0: Called Strike 0-1: Hit by Pitch
|
Batting: RHB Antonio Pacheco
|
0-0: Ball 1-0: 3-RUN HOME RUN (Line Drive, 7D, EV 95.6 MPH), Distance : 381 ft
|
Batting: SHB Santos Renteria
|
0-0: SINGLE (Groundball, 4D, EV 100.0 MPH)
|
Batting: RHB Jose Guerrero
|
0-0: Ball Santos Renteria steals 2nd base (no throw) 1-0: Called Strike 1-1: Foul Ball, location: 2F 1-2: Foul Ball, location: 2F 1-2: Ball 2-2: Ball 3-2: Ground out U3 (Groundball, 34, EV 83.8 MPH)
|
Bottom of the 1st over - 5 runs, 5 hits, 0 errors, 1 left on base; Tri-City 0 - Spokane 5 |
TOP OF THE 2ND |
Tri-City ValleyCats batting - Pitching for Spokane Indians : RHP Roberto Reyes
|
Batting: RHB Bobby Dunn
|
0-0: Ball 1-0: Foul Ball, location: 2F 1-1: Swinging Strike 1-2: Strikes out looking
|
Batting: RHB Chris Miller
|
0-0: Ball 1-0: Called Strike 1-1: Foul Ball, location: 2F 1-2: SINGLE (Groundball, 34, EV 101.9 MPH)
|
Batting: RHB Juan Mendoza
|
0-0: Called Strike 0-1: Ball 1-1: Foul Ball, location: 2F 1-2: Foul Ball, location: 2F 1-2: Ball 2-2: Strikes out swinging
|
Batting: RHB Dan Kurtz
|
0-0: Ball 1-0: Foul Ball, location: 2F 1-1: Ball 2-1: Ball 3-1: Fly out, F8 (Flyball, 89D, EV 99.4 MPH)
|
Top of the 2nd over - 0 runs, 1 hit, 0 errors, 1 left on base; Tri-City 0 - Spokane 5 |
BOTTOM OF THE 2ND |
Spokane Indians batting - Pitching for Tri-City ValleyCats : RHP Alex Salinas
|
Batting: RHB Rodolfo Contreras
|
0-0: Ball 1-0: Ball 2-0: Ball 3-0: Called Strike 3-1: Base on Balls
|
Batting: RHB Jason Swisher
|
0-0: Ball Rodolfo Contreras steals 2nd base 1-0: Called Strike 1-1: Foul Ball, location: 2F 1-2: Foul Ball, location: 2F 1-2: Foul Ball, location: 2F 1-2: 2-RUN HOME RUN (Flyball, 7D, EV 100.6 MPH), Distance : 358 ft
|
Batting: RHB Dennis Daniels
|
0-0: SOLO HOME RUN (Flyball, 7D, EV 91.9 MPH), Distance : 360 ft
|
Pitching: RHP San-pao Kao
|
|
Batting: RHB Roberto Contreras
|
0-0: Ball 1-0: SINGLE (Groundball, 13S, EV 72.5 MPH) (infield hit)
|
Batting: RHB Garrison Feltham
|
0-0: Called Strike Roberto Contreras steals 2nd base 0-1: Ball 1-1: SINGLE (Line Drive, 9S, EV 107.5 MPH) Roberto Contreras to third
|
Batting: RHB Zi-jing Wang
|
Balk! Roberto Contreras scores Garrison Feltham to second 0-0: DOUBLE (Line Drive, 9LS, EV 112.5 MPH) Garrison Feltham scores
|
Batting: RHB Antonio Pacheco
|
Balk! Zi-jing Wang to third 0-0: Ball 1-0: Ball Wild Pitch! Zi-jing Wang scores 2-0: Ball 3-0: Called Strike 3-1: Base on Balls
|
Batting: SHB Santos Renteria
|
0-0: SINGLE (Groundball, 4M, EV 88.1 MPH) (infield hit) Antonio Pacheco to second
|
Batting: RHB Jose Guerrero
|
0-0: Swinging Strike 0-1: Foul Ball, location: 2F Balk! Antonio Pacheco to third Santos Renteria to second 0-2: Ball Wild Pitch! Antonio Pacheco scores Santos Renteria to third 1-2: Foul Ball, location: 2F 1-2: Foul Ball, location: 5F, Error on foul ball, E5 1-2: 2-RUN HOME RUN (Flyball, 7LD, EV 95.6 MPH), Distance : 341 ft
|
Pitching: RHP Mike Koch
|
|
Batting: RHB Rodolfo Contreras
|
0-0: Called Strike 0-1: Ball 1-1: Fly out, F8 (Flyball, 8LD, EV 98.8 MPH)
|
Batting: RHB Jason Swisher
|
0-0: Foul Ball, location: 2F 0-1: Called Strike 0-2: Ball 1-2: SOLO HOME RUN (Flyball, 7LD, EV 93.1 MPH), Distance : 333 ft
|
Batting: RHB Dennis Daniels
|
0-0: Ball 1-0: Ball 2-0: Called Strike 2-1: Ball 3-1: SINGLE (Line Drive, 9S, EV 94.4 MPH)
|
Batting: RHB Roberto Contreras
|
0-0: Called Strike 0-1: Ball 1-1: Ball 2-1: Foul Ball, location: 2F 2-2: Ball 3-2: Base on Balls Dennis Daniels to second
|
Pitching: RHP Oscar Andrade
|
|
Batting: RHB Garrison Feltham
|
0-0: Fielders Choice at 2nd, 5-4 (Groundball, 56S, EV 82.5 MPH) Dennis Daniels to third
|
Batting: RHB Zi-jing Wang
|
0-0: Called Strike 0-1: Ball Passed Ball! Dennis Daniels scores Garrison Feltham to second 1-1: Called Strike 1-2: Ball 2-2: Ground out 5-3 (Groundball, 56S, EV 81.3 MPH)
|
Bottom of the 2nd over - 11 runs, 9 hits, 1 error, 1 left on base; Tri-City 0 - Spokane 16 |
TOP OF THE 3RD |
Tri-City ValleyCats batting - Pitching for Spokane Indians : RHP Roberto Reyes
|
Batting: RHB Evan Fry
|
0-0: Ball 1-0: Called Strike 1-1: Called Strike 1-2: Ball 2-2: Foul Ball, location: 2F 2-2: Foul Ball, location: 2F 2-2: Foul Ball, location: 2F 2-2: Ball 3-2: Strikes out swinging
|
Batting: RHB Ruben Pujols
|
0-0: Swinging Strike 0-1: Ball 1-1: Called Strike 1-2: Strikes out swinging
|
Batting: RHB Justin Olmstead
|
0-0: Ground out 6-3 (Groundball, P, EV 81.3 MPH)
|
Top of the 3rd over - 0 runs, 0 hits, 0 errors, 0 left on base; Tri-City 0 - Spokane 16 |
BOTTOM OF THE 3RD |
Spokane Indians batting - Pitching for Tri-City ValleyCats : RHP Oscar Andrade
|
Batting: RHB Antonio Pacheco
|
0-0: Ball 1-0: Ball 2-0: Swinging Strike 2-1: SINGLE (Groundball, 6MS, EV 63.8 MPH) (infield hit)
|
Batting: SHB Santos Renteria
|
0-0: Fly out, F9 (Line Drive, 9, EV 91.9 MPH)
|
Batting: RHB Jose Guerrero
|
0-0: Ball 1-0: Ball 2-0: Grounds into double play, 4-6-3 (Groundball, 4, EV 105.6 MPH)
|
Bottom of the 3rd over - 0 runs, 1 hit, 0 errors, 0 left on base; Tri-City 0 - Spokane 16 |
TOP OF THE 4TH |
Tri-City ValleyCats batting - Pitching for Spokane Indians : RHP Roberto Reyes
|
Batting: SHB Chris Keziah
|
0-0: Called Strike 0-1: Ball 1-1: Ball 2-1: Ground out U3 (Groundball, 3, EV 85.6 MPH)
|
Batting: SHB Salvador Gomez
|
0-0: Swinging Strike 0-1: Ball 1-1: Foul Ball, location: 2F 1-2: Strikes out swinging
|
Batting: RHB Bobby Dunn
|
0-0: Swinging Strike 0-1: Swinging Strike 0-2: Strikes out looking
|
Top of the 4th over - 0 runs, 0 hits, 0 errors, 0 left on base; Tri-City 0 - Spokane 16 |
BOTTOM OF THE 4TH |
Spokane Indians batting - Pitching for Tri-City ValleyCats : RHP Oscar Andrade
|
Batting: RHB Rodolfo Contreras
|
0-0: Ball 1-0: Called Strike 1-1: Foul Ball, location: 2F 1-2: SINGLE (Groundball, 56D, EV 105.6 MPH)
|
Pitching: RHP Calisto Morda
|
|
Batting: RHB Jason Swisher
|
0-0: Ball 1-0: Called Strike 1-1: SINGLE (Groundball, 6D, EV 109.4 MPH) Rodolfo Contreras to second
|
Batting: RHB Dennis Daniels
|
0-0: Foul Ball, location: 2F 0-1: Ball 1-1: Foul Ball, location: 2F 1-2: Strikes out swinging
|
Batting: RHB Roberto Contreras
|
0-0: SINGLE (Groundball, 56D, EV 103.8 MPH) Rodolfo Contreras to third Jason Swisher to second
|
Batting: RHB Garrison Feltham
|
0-0: Called Strike 0-1: Swinging Strike 0-2: Ball Wild Pitch! Rodolfo Contreras scores Jason Swisher to third Roberto Contreras to second 1-2: Ball 2-2: Foul Ball, location: 2F 2-2: Strikes out swinging
|
Batting: RHB Zi-jing Wang
|
0-0: TRIPLE (Line Drive, 78XD, EV 110.6 MPH) Jason Swisher scores Roberto Contreras scores
|
Batting: RHB Antonio Pacheco
|
0-0: Called Strike 0-1: SINGLE (Groundball, 6S, EV 61.3 MPH) (infield hit) Zi-jing Wang scores
|
Batting: SHB Santos Renteria
|
0-0: Swinging Strike 0-1: Ball 1-1: DOUBLE (Groundball, 5L, EV 108.8 MPH) Antonio Pacheco to third
|
Batting: RHB Jose Guerrero
|
0-0: Ball Wild Pitch! Antonio Pacheco scores Santos Renteria to third 1-0: Called Strike 1-1: Ground out 4-3 (Groundball, 34, EV 83.8 MPH)
|
Bottom of the 4th over - 5 runs, 6 hits, 0 errors, 1 left on base; Tri-City 0 - Spokane 21 |
TOP OF THE 5TH |
Tri-City ValleyCats batting - Pitching for Spokane Indians : RHP Roberto Reyes
|
Batting: RHB Chris Miller
|
0-0: Ball 1-0: Ball 2-0: Foul Ball, location: 2F 2-1: Ball 3-1: Base on Balls
|
Batting: RHB Juan Mendoza
|
0-0: Swinging Strike 0-1: Swinging Strike 0-2: Ball 1-2: Strikes out swinging
|
Batting: RHB Dan Kurtz
|
0-0: Ball 1-0: Called Strike 1-1: Swinging Strike 1-2: Ball 2-2: Ball 3-2: Strikes out looking
|
Batting: RHB Evan Fry
|
0-0: Ball 1-0: Swinging Strike 1-1: Ball 2-1: Foul Ball, location: 2F 2-2: Strikes out looking
|
Top of the 5th over - 0 runs, 0 hits, 0 errors, 1 left on base; Tri-City 0 - Spokane 21 |
BOTTOM OF THE 5TH |
Spokane Indians batting - Pitching for Tri-City ValleyCats : RHP Calisto Morda
|
Batting: RHB Rodolfo Contreras
|
0-0: Ball 1-0: Called Strike 1-1: Ball 2-1: Foul Ball, location: 2F 2-2: SINGLE (Groundball, 6MD, EV 106.9 MPH)
|
Batting: RHB Jason Swisher
|
0-0: Called Strike 0-1: Ball 1-1: Ball 2-1: Called Strike 2-2: Ball 3-2: Foul Ball, location: 2F 3-2: Base on Balls Rodolfo Contreras to second
|
Batting: RHB Dennis Daniels
|
0-0: Swinging Strike 0-1: Ball Wild Pitch! Rodolfo Contreras to third Jason Swisher to second 1-1: Foul Ball, location: 2F 1-2: Ball 2-2: Foul Ball, location: 2F 2-2: Ball 3-2: Foul Ball, location: 2F 3-2: Strikes out swinging
|
Batting: RHB Roberto Contreras
|
0-0: Called Strike 0-1: 3-RUN HOME RUN (Line Drive, 7LD, EV 90.0 MPH), Distance : 342 ft
|
Batting: RHB Garrison Feltham
|
0-0: TRIPLE (Flyball, 9LD, EV 110.0 MPH)
|
Batting: RHB Zi-jing Wang
|
0-0: Ground out 6-3 (Groundball, 6S, EV 80.6 MPH) Garrison Feltham scores
|
Batting: RHB Antonio Pacheco
|
0-0: Ball 1-0: SINGLE (Groundball, 4D, EV 94.4 MPH)
|
Batting: SHB Santos Renteria
|
0-0: Fielders Choice at 2nd, 5-4 (Groundball, 5, EV 102.5 MPH)
|
Bottom of the 5th over - 4 runs, 4 hits, 0 errors, 1 left on base; Tri-City 0 - Spokane 25 |
TOP OF THE 6TH |
Tri-City ValleyCats batting - Pitching for Spokane Indians : RHP Roberto Reyes
|
Batting: RHB Ruben Pujols
|
0-0: Foul Ball, location: 2F 0-1: Ball 1-1: Foul Ball, location: 2F 1-2: Strikes out swinging
|
Batting: RHB Justin Olmstead
|
0-0: Ball 1-0: Foul Ball, location: 2F 1-1: SINGLE (Groundball, 6MD, EV 97.5 MPH)
|
Batting: SHB Chris Keziah
|
0-0: Swinging Strike 0-1: Swinging Strike 0-2: Strikes out looking
|
Batting: SHB Salvador Gomez
|
0-0: Called Strike 0-1: Ball 1-1: Ball 2-1: Called Strike 2-2: Ball 3-2: Base on Balls Justin Olmstead to second
|
Batting: RHB Bobby Dunn
|
0-0: Called Strike 0-1: Foul Ball, location: 2F 0-2: Strikes out swinging
|
Top of the 6th over - 0 runs, 1 hit, 0 errors, 2 left on base; Tri-City 0 - Spokane 25 |
BOTTOM OF THE 6TH |
Spokane Indians batting - Pitching for Tri-City ValleyCats : RHP Calisto Morda
|
Batting: RHB Jose Guerrero
|
0-0: Ball 1-0: Fly out, F9 (Flyball, 9D, EV 91.3 MPH)
|
Batting: RHB Rodolfo Contreras
|
0-0: Foul Ball, location: 2F 0-1: Ball 1-1: Reached on error, E3 (Groundball, 34S, EV 71.3 MPH)
|
Batting: RHB Jason Swisher
|
0-0: Fly out, F8 (Flyball, 8RD, EV 98.8 MPH)
|
Batting: RHB Dennis Daniels
|
0-0: Fly out, F9 (Flyball, 9LS, EV 88.1 MPH)
|
Bottom of the 6th over - 0 runs, 0 hits, 1 error, 1 left on base; Tri-City 0 - Spokane 25 |
TOP OF THE 7TH |
Tri-City ValleyCats batting - Pitching for Spokane Indians : RHP Roberto Reyes
|
Batting: RHB Chris Miller
|
0-0: Ball 1-0: Called Strike 1-1: Foul Ball, location: 2F 1-2: Foul Ball, location: 2F 1-2: Foul Ball, location: 2F 1-2: Fly out, F8 (Line Drive, 8RM, EV 99.4 MPH)
|
Batting: RHB Juan Mendoza
|
0-0: Called Strike 0-1: Ball 1-1: Ball 2-1: Hit by Pitch
|
Pitching: RHP Cássio Blemarcick
|
|
Batting: RHB Dan Kurtz
|
0-0: Called Strike 0-1: Ball 1-1: Called Strike 1-2: Foul Ball, location: 2F 1-2: Foul Ball, location: 2F 1-2: Foul Ball, location: 2F 1-2: Foul Ball, location: 2F 1-2: Strikes out swinging
|
Batting: RHB Evan Fry
|
0-0: Called Strike 0-1: Foul Ball, location: 2F 0-2: Strikes out swinging
|
Top of the 7th over - 0 runs, 0 hits, 0 errors, 1 left on base; Tri-City 0 - Spokane 25 |
BOTTOM OF THE 7TH |
Spokane Indians batting - Pitching for Tri-City ValleyCats : RHP Calisto Morda
|
Batting: RHB Roberto Contreras
|
0-0: Called Strike 0-1: Fly out, F9 (Flyball, 9D, EV 100.0 MPH)
|
Pinch Hitting: RHB Chris Naumann
|
0-0: SINGLE (Line Drive, 78M, EV 106.3 MPH)
|
Batting: RHB Zi-jing Wang
|
0-0: SINGLE (Groundball, 56D, EV 104.4 MPH) Chris Naumann to second
|
Batting: RHB Antonio Pacheco
|
0-0: Ball 1-0: Ball 2-0: Called Strike 2-1: Ball 3-1: Base on Balls Chris Naumann to third Zi-jing Wang to second
|
Batting: SHB Santos Renteria
|
0-0: Fly out, F2 (Popup, 25F, EV 86.3 MPH)
|
Pinch Hitting: LHB Tsunesuke Kato
|
0-0: Ball 1-0: Ball 2-0: Ball 3-0: Base on Balls Chris Naumann scores Zi-jing Wang to third Antonio Pacheco to second
|
Pinch Hitting: LHB Doug Barr
|
0-0: Ball 1-0: Fly out, F8 (Flyball, 89D, EV 93.1 MPH)
|
Bottom of the 7th over - 1 run, 2 hits, 0 errors, 3 left on base; Tri-City 0 - Spokane 26 |
TOP OF THE 8TH |
Tri-City ValleyCats batting - Pitching for Spokane Indians : RHP Cássio Blemarcick
|
Now at 2B: Tsunesuke Kato
|
|
Now at 3B: Chris Naumann
|
|
Now at SS: Dennis Daniels
|
|
Now in LF: Doug Barr
|
|
Now in CF: Zi-jing Wang
|
|
Batting: RHB Ruben Pujols
|
0-0: Foul Ball, location: 2F 0-1: Swinging Strike 0-2: Foul Ball, location: 2F 0-2: Ball 1-2: Ball 2-2: Strikes out swinging
|
Batting: RHB Justin Olmstead
|
0-0: Called Strike 0-1: Swinging Strike 0-2: Strikes out looking
|
Batting: SHB Chris Keziah
|
0-0: Ball 1-0: Called Strike 1-1: Ball 2-1: Fly out, F8 (Flyball, 8RD, EV 83.1 MPH)
|
Top of the 8th over - 0 runs, 0 hits, 0 errors, 0 left on base; Tri-City 0 - Spokane 26 |
BOTTOM OF THE 8TH |
Spokane Indians batting - Pitching for Tri-City ValleyCats : RHP Calisto Morda
|
Batting: RHB Jason Swisher
|
0-0: Fly out, F4 (Popup, 13S, EV 84.4 MPH)
|
Pinch Hitting: SHB Corey Mondello
|
0-0: Ground out U3 (Groundball, 34S, EV 89.4 MPH)
|
Batting: RHB Roberto Contreras
|
0-0: Ball 1-0: Foul Ball, location: 2F 1-1: Ball 2-1: Ball 3-1: Ground out 6-3 (Groundball, 6, EV 86.3 MPH)
|
Bottom of the 8th over - 0 runs, 0 hits, 0 errors, 0 left on base; Tri-City 0 - Spokane 26 |
TOP OF THE 9TH |
Tri-City ValleyCats batting - Pitching for Spokane Indians : RHP Cássio Blemarcick
|
Now at SS: Corey Mondello
|
|
Batting: SHB Salvador Gomez
|
0-0: Ground out 5-3 (Groundball, 56, EV 105.0 MPH)
|
Batting: RHB Bobby Dunn
|
0-0: Ball 1-0: Ball 2-0: Swinging Strike 2-1: Foul Ball, location: 2F 2-2: Ball 3-2: Fly out, F8 (Flyball, 89D, EV 103.8 MPH)
|
Batting: RHB Chris Miller
|
0-0: Ground out 4-3 (Groundball, 4, EV 88.1 MPH)
|
Top of the 9th over - 0 runs, 0 hits, 0 errors, 0 left on base; Tri-City 0 - Spokane 26 |
|